 Dungeon Crawl Stone Soup version 0.26.1-16-g4e020e15dc (webtiles) character file.

Game seed: 11150273067488828201

116 Froggeryz the Shield-Bearer (level 5, -1/37 HPs)
             Began as a Gnoll Wanderer on Mar 10, 2023.
             Slain by a leopard gecko (4 damage)
             ... on level 3 of the Dungeon.
             The game lasted 00:03:27 (3140 turns).

Froggeryz the Shield-Bearer (Gnoll Wanderer)        Turns: 3140, Time: 00:03:28

Health: -1/37      AC:  5    Str: 14    XL:     5   Next: 0%
Magic:  6/6        EV: 14    Int: 15    God:
Gold:   61         SH:  0    Dex: 15    Spells: 6/6 levels left

rFire    . . .     SeeInvis .   i - +3 quarterstaff (chaos)
rCold    . . .     Faith    .   (shield currently unavailable)
rNeg     . . .     Spirit   .   k - +0 leather armour
rPois    .         Reflect  .   (no helmet)
rElec    .         Harm     .   p - +0 cloak
rCorr    .         Rampage  .   (no gloves)
Will     .....                  l - +0 pair of boots
Stlth    ++........             (no amulet)
HPRegen  0.12/turn              (no ring)
MPRegen  0.10/turn              (no ring)

@: no status effects
A: distributed training, fangs 1, strong nose
a: no special abilities


You were on level 3 of the Dungeon.
You visited 1 branch of the dungeon, and saw 3 of its levels.

You collected 61 gold pieces.

Inventory:

Hand Weapons
 a - a +2 dagger
 i - a +3 quarterstaff of chaos (weapon)
Armour
 f - a +2 buckler of resistance
 k - a +0 leather armour (worn)
 l - a +0 pair of boots (worn)
 p - a +0 cloak (worn)
Jewellery
 g - an uncursed ring of fire
 r - an uncursed amulet of guardian spirit {unknown}
Scrolls
 b - 2 scrolls of fear
 h - a scroll of fog {unknown}
 m - a scroll of immolation {unknown}
 q - a scroll of identify {unknown}
 s - a scroll of blinking {unknown}
 t - a scroll of magic mapping {unknown}
 u - a scroll of teleportation {unknown}
Potions
 c - a potion of flight {unknown}
 d - 2 potions of lignification
 e - a potion of attraction {unknown}
 j - a potion of haste {unknown}
 n - a potion of brilliance {unknown}
 o - 2 potions of magic {unknown}


   Skills:
 + Level 1.3 Fighting
 + Level 1.3 Short Blades
 + Level 1.3 Long Blades
 + Level 1.3 Axes
 + Level 1.3 Maces & Flails
 + Level 1.3 Polearms
 + Level 2.8 Staves
 + Level 1.3 Slings
 + Level 1.3 Bows
 + Level 1.3 Crossbows
 + Level 1.3 Throwing
 + Level 1.3 Armour
 + Level 4.7 Dodging
 + Level 4.3 Stealth
 + Level 4.7 Shields
 + Level 1.3 Unarmed Combat
 + Level 1.3 Spellcasting
 + Level 1.0 Conjurations
 + Level 1.0 Hexes
 + Level 1.0 Summonings
 + Level 1.0 Necromancy
 + Level 1.0 Translocations
 + Level 1.0 Transmutations
 + Level 1.0 Fire Magic
 + Level 2.3 Ice Magic
 + Level 1.0 Air Magic
 + Level 3.9 Earth Magic
 + Level 1.0 Poison Magic
 + Level 1.4 Invocations
 + Level 1.3 Evocations


You had 6 spell levels left.
You didn't know any spells.
Your spell library was empty.

Dungeon Overview and Level Annotations

Branches:
Dungeon (3/15)

Altars:


Innate Abilities, Weirdness & Mutations

Your experience applies equally to all skills.
You have very sharp teeth.
Your uncanny sense of smell can sniff out nearby items.


Message History

You have reached level 5!
You hit the ogre. You burn the ogre.
The ogre is lightly wounded.
The leopard gecko closely misses you.
The ogre hits you with a +0 giant spiked club!
You closely miss the ogre.
The ogre is lightly wounded.
The leopard gecko completely misses you.
The leopard gecko closely misses you.
The ogre hits you with a +0 giant spiked club!!
Ouch! That really hurt!
* * * LOW HITPOINT WARNING * * *
You are too injured to fight recklessly!
You sock the ogre!
The ogre is heavily wounded.
The leopard gecko misses you. The ogre misses you.
You barely miss the ogre.
The ogre is heavily wounded.
The leopard gecko bites you.
You die...

#.............
.............
...........>
...........#
.......#..##..##.#
##...$..+.......#.
##.Olg...#..##.... ..
##...@....#..##...###.
##.......###..##....#..
#.[......# #..##...#.#.
#.........# #..##..##.##
..........###......#.).#
....................###†
....b#....###..###.#...#
.....#.......<..##.##.##
....b...............#.#.


You could see an ogre, a leopard gecko, a goblin and a bat.

Vanquished Creatures
  Crazy Yiuf (D:2)
  An adder (D:2)
  An ooze (D:1)
  A dart slug (D:1)
  4 leopard geckos
  3 ball pythons
  7 bats
  3 giant cockroaches
  6 hobgoblins
  4 jackals
  2 quokkas
  2 frilled lizards
  10 goblins
  11 kobolds
  7 rats
63 creatures vanquished.

Notes
Turn   | Place    | Note
-------+----------+-------------------------------------------
     0 | D:1      | Froggeryz the Gnoll Wanderer began the quest for the Orb.
     0 | D:1      | Froggeryz set off with the following items: a +2 dagger, a
                  | scroll of fear, a +0 quarterstaff, a potion of
                  | lignification, a +0 robe
     0 | D:1      | Reached XP level 1. HP: 13/13 MP: 1/1
   362 | D:1      | Reached XP level 2. HP: 16/19 MP: 2/2
   587 | D:1      | HP: 1/20 [goblin/+0 club (2)]
  1078 | D:1      | Reached XP level 3. HP: 25/25 MP: 3/3
  1787 | D:2      | Reached skill level 1 in Invocations
  2148 | D:2      | Reached skill level 1 in Fighting
  2148 | D:2      | Reached skill level 1 in Short Blades
  2148 | D:2      | Reached skill level 1 in Long Blades
  2148 | D:2      | Reached skill level 1 in Axes
  2148 | D:2      | Reached skill level 1 in Maces & Flails
  2148 | D:2      | Reached skill level 1 in Polearms
  2148 | D:2      | Reached skill level 1 in Slings
  2148 | D:2      | Reached skill level 1 in Bows
  2148 | D:2      | Reached skill level 1 in Crossbows
  2148 | D:2      | Reached skill level 1 in Throwing
  2148 | D:2      | Reached skill level 1 in Armour
  2148 | D:2      | Reached skill level 1 in Unarmed Combat
  2148 | D:2      | Reached skill level 1 in Spellcasting
  2148 | D:2      | Reached skill level 1 in Evocations
  2303 | D:2      | Reached XP level 4. HP: 29/32 MP: 5/5
  2532 | D:2      | Found a runed translucent door.
  2533 | D:2      | Noticed Crazy Yiuf
  2683 | D:2      | HP: 1/32 [Crazy Yiuf/+3 quarterstaff of chaos (5)]
  2697 | D:2      | Killed Crazy Yiuf
  2698 | D:2      | Reached skill level 1 in Conjurations
  2698 | D:2      | Reached skill level 1 in Hexes
  2698 | D:2      | Reached skill level 1 in Summonings
  2698 | D:2      | Reached skill level 1 in Necromancy
  2698 | D:2      | Reached skill level 1 in Translocations
  2698 | D:2      | Reached skill level 1 in Transmutations
  2698 | D:2      | Reached skill level 1 in Fire Magic
  2698 | D:2      | Reached skill level 1 in Air Magic
  2698 | D:2      | Reached skill level 1 in Poison Magic
  3132 | D:3      | Noticed an ogre
  3137 | D:3      | Reached XP level 5. HP: 36/37 MP: 6/6
  3140 | D:3      | Slain by a leopard gecko

Illustrated notes

Levels and vault maps discovered:
D:1:      amcnicky_arrival_feature_with_door, layout_loops_corners
D:2:      layout_rooms, uniq_crazy_yiuf_cottage
D:3:      wad_crossroads, layout_basic, kennysheep_ying_yang,
          grunt_temple_overflow_diamond, minmay_ruptured, uniq_natasha

Skill      XL: |  1  2  3  4 |
---------------+-------------+-----
Ice Magic      | 2 |  2.3
Invocations    | 1 |  1.4
Fighting       | 1 |  1.3
Short Blades   | 1 |  1.3
Long Blades    | 1 |  1.3
Axes           | 1 |  1.3
Maces & Flails | 1 |  1.3
Polearms       | 1 |  1.3
Slings         | 1 |  1.3
Bows           | 1 |  1.3
Crossbows      | 1 |  1.3
Throwing       | 1 |  1.3
Armour         | 1 |  1.3
Unarmed Combat | 1 |  1.3
Spellcasting   | 1 |  1.3
Evocations     | 1 |  1.3
Conjurations   | 1 |  1.0
Hexes          | 1 |  1.0
Summonings     | 1 |  1.0
Necromancy     | 1 |  1.0
Translocations | 1 |  1.0
Transmutations | 1 |  1.0
Fire Magic     | 1 |  1.0
Air Magic      | 1 |  1.0
Poison Magic   | 1 |  1.0
Staves         | |  2.8
Dodging        | |  4.7
Stealth        | |  4.3
Shields        | |  4.7
Earth Magic    | |  3.9

Action                   |  1- 3 |  4- 6 || total
-------------------------+-------+-------++-------
Melee: Quarterstaff      |   122 |    45 ||   167
       Bite              |    11 |     2 ||    13
  Use: Potion            |       |     3 ||     3
 Stab: Sleeping          |     8 |     3 ||    11
Armor: Robe              |    26 |       ||    26
       Leather armour    |     3 |     9 ||    12
       Skin              |       |     6 ||     6
Dodge: Dodged            |   119 |    34 ||   153
